AoeStats
← [LCDR] Alone

Arabian Desert

509934457Analyzed
1v1 RM · 4d ago on Sep 28, 2026· 29m 44s· 2 players
Game mode
Random Map
Map size
Tiny (2 player)
Population
200
Speed
Normal
Resources
Standard
Victory
Conquest
Starting age
Dark Age
Ending age
Imperial Age
RankedLock teamsTeams togetherTeam positionsShared explorationLock speedFull tech treeHidden civsTurbo modeCheats
Victory
Defeat
🇧🇷 Huns · Brazil
1879
+18
🇸🇪 Poles · Sweden
1925
-18
[LCDR] Alone
6:19 Loom
8:54 Feudal Age
10:21 Double-Bit Axe
16:09 Horse Collar
22:51 Castle Age
21:29 Bloodlines
22:06 Forging
22:29 Scale Barding Armor
22:31 Gold Mining
23:53 Chain Barding Armor
27:27 Husbandry
addro94
9:10 Feudal Age
8:26 Loom
19:07 Bloodlines
24:17 Castle Age
23:24 Scale Barding Armor
24:22 Light Cavalry
25:11 Husbandry
26:30 Pikeman
27:35 Gold Mining
Connection lost

Rejoining the realm…

Still unreachable

The connection could not be restored.

Session expired

The server has moved on; the page needs a fresh start.